 Dungeon Sprint DCSS version 0.30.1-4-g462c640d31 (webtiles) character file.

Game seed: 14004211139159006232

1464 Heoruswealwe the Eclecticist (level 8, 0/41 HPs)
             Began as a Deep Elf Earth Elementalist on Aug 30, 2023.
             Was a Follower of Vehumet.
             Shot with an arrow by a centaur warrior (24 damage)
             ... in the Dungeon (Sprint I: "Red Sonja").
             The game lasted 00:07:21 (613 turns).

Heoruswealwe the Eclecticist (DEEE)                  Turns: 613, Time: 00:07:22

Health: 0/41       AC:  2    Str:  5    XL:     8   Next: 48%
Magic:  23/31      EV: 12    Int: 23    God:    Vehumet [*.....]
Gold:   699        SH:  0    Dex: 15    Spells: 31/41 levels left

rFire   . . .        a - +2 dagger (venom)
rCold   . . .        (no shield)
rNeg    . . .        c - +0 robe
rPois   .            (no helmet)
rElec   .            (no cloak)
rCorr   .            (no gloves)
SInv    .            (no boots)
Will    .....        (no amulet)
Stlth   ++           (no ring)
HPRegen 0.26/turn    (no ring)
MPRegen 0.22/turn

%: no teleportation
@: no status effects
A: no striking features
a: Renounce Religion


You were in the Dungeon.
You worshipped Vehumet.
Vehumet was aware of your devotion.
You visited 1 branch You collected 796 gold pieces.
You spent 97 gold pieces at shops.

Inventory:

Hand Weapons
 a - a +2 dagger of venom (weapon)
Armour
 c - a +0 robe (worn)
Jewellery
 k - a ring of fire
Wands
 e - a wand of iceblast (4)
Scrolls
 d - 3 scrolls of blinking
 i - a scroll of enchant weapon {unknown}
 l - a scroll of enchant armour {unknown}
Potions
 b - 3 potions of magic
 f - a potion of ambrosia {unknown}
 g - 2 potions of curing
 h - a potion of degeneration {unknown}
 j - a potion of invisibility {unknown}


   Skills:
 - Level 2.4 Dodging
 - Level 2.4 Stealth
 + Level 17.3 Spellcasting
 - Level 1.1 Transmutations
 + Level 14.8 Earth Magic


You had 31 spell levels left.
You knew the following spells:

 Your Spells              Type           Power      Damage    Failure   Level
a - Sandblast             Erth           100%       2d20      0%          1
b - Stone Arrow           Conj/Erth      100%       3d13      1%          3
c - Petrify               Tmut/Erth      54%        N/A       1%          4
z - Passwall              Tmut/Erth      45%        N/A       1%          2

Your spell library contained the following spells:

 Spells                   Type           Power      Damage    Failure   Level
 Magic Dart               Conj           76%        1d6       2%          1


Dungeon Overview and Level Annotations

Branches:
Dungeon (1/1)

Altars:
Cheibriados
Dithmenos
Elyvilon
Fedhas
Gozag
Hepliaklqana
Kikubaaqudgha
Nemelex Xobeh
Okawaru
Qazlal
Ru
Sif Muna
Trog
Uskayaw
Vehumet
Wu Jian
Yredelemnul
Zin
The Shining One

Shops:
D ??[


Message History

Found 30 gold pieces.
Found Fyleqo's Armour Emporium.
There is an open door here.
You now have 680 gold pieces (gained 14).
You now have 696 gold pieces (gained 16).
There is an entrance to Fyleqo's Armour Emporium here.
There is an open door here.
You open the door.
Found 3 gold pieces, a shiny copper ring and a fuming red potion.
Found a scroll labelled XOLLI AGUKKOA.
There is an open door here.
You now have 699 gold pieces (gained 3).
j - a fuming red potion
k - a ring of fire Unknown command.
l - a scroll labelled XOLLI AGUKKOA You start resting.
Magic restored.
As you open the door, it creaks loudly!
A centaur warrior comes into view.
You hear a shout!
A centaur warrior comes into view.
Casting: Stone Arrow (safe; 1% risk of failure)
Confirm with . or Enter, or press ? or * to list all spells.
Aiming: Petrify (dangerous; 1% risk of failure)
Press: ? - help, Shift-Dir - straight line, f - centaur warrior
Aim: a centaur warrior (purple smoke, chance to affect: 56%)
The centaur warrior is moving more slowly.
The centaur warrior wields a +0 shortbow.
The centaur warrior shoots an arrow.
The arrow hits you!
Found a leather armour.
Casting: Petrify (dangerous; 1% risk of failure)
Confirm with . or Enter, or press ? or * to list all spells.
Aiming: Petrify (dangerous; 1% risk of failure)
Press: ? - help, Shift-Dir - straight line, f - centaur warrior, p - centaur warrior
Aim: a centaur warrior (chance to affect: 56%)
The centaur warrior is moving more slowly.
The centaur warrior wields a +0 longbow.
The centaur warrior shoots an arrow.
The arrow hits you!!
Ouch! That really hurt!
You die...

<.#..'..#..'..#
..[..#..)..#..+
.)#####'#####'# ###
..####..#...#(####[!
..#__####..##.#~~~§§
..#_____##'#_.+~§~§
⌠⌠#_.∩...'..._#§cc
###_..__##_.#'##§###
..#_____###'#.#§@§.###
###########.####'###.##
∩........'.).'[....'.∩#
##++++####...##########
###.### #.#'#.# #.....#
#.....# #######


You could see 2 centaur warriors.

Vanquished Creatures
  Sonja (D)
  A deep troll (D)
  Sigmund (D)
  A yak (D)
  An ogre (D)
  A jelly (D)
  Ijyb (D)
7 creatures vanquished.

Vanquished Creatures (others)
  2 ballistomycete spores (D)
2 creatures vanquished.

Grand Total: 9 creatures vanquished

Notes
Turn   | Place    | Note
-------+----------+-------------------------------------------
     0 | D        | Heoruswealwe the Deep Elf Earth Elementalist began the
                  | quest for the Orb.
     0 | D        | Reached XP level 1. HP: 10/10 MP: 6/6
     1 | D        | Noticed Ijyb
    16 | D        | Killed Ijyb
    17 | D        | Reached skill level 6 in Spellcasting
    17 | D        | Reached skill level 5 in Earth Magic
    17 | D        | Reached XP level 2. HP: 14/15 MP: 7/11
    24 | D        | Learned a level 2 spell: Passwall
    87 | D        | Noticed an ogre
    93 | D        | Killed an ogre
    94 | D        | Reached skill level 9 in Spellcasting
    94 | D        | Reached XP level 3. HP: 19/19 MP: 8/15
    94 | D        | Reached XP level 4. HP: 24/24 MP: 9/17
    98 | D        | Learned a level 3 spell: Stone Arrow
   103 | D        | Learned a level 4 spell: Petrify
   144 | D        | Noticed Sigmund
   157 | D        | Killed Sigmund
   158 | D        | Reached skill level 11 in Spellcasting
   158 | D        | Reached skill level 10 in Earth Magic
   158 | D        | Reached XP level 5. HP: 13/28 MP: 11/21
   219 | D        | Found an ornate altar of the Wu Jian Council.
   219 | D        | Found a shimmering blue altar of Sif Muna.
   221 | D        | Found a radiant altar of Vehumet.
   223 | D        | Reached skill level 12 in Spellcasting
   223 | D        | Reached XP level 6. HP: 32/32 MP: 21/23
   235 | D        | Became a worshipper of Vehumet
   252 | D        | Found Befoiruv's Magic Scroll Emporium.
   252 | D        | Found an ancient bone altar of Kikubaaqudgha.
   252 | D        | Found a hazy altar of Hepliaklqana.
   252 | D        | Found a stormy altar of Qazlal.
   252 | D        | Found a hide-covered altar of Uskayaw.
   252 | D        | Found a blossoming altar of Fedhas.
   252 | D        | Found a bloodstained altar of Trog.
   252 | D        | Found an iron altar of Okawaru.
   252 | D        | Found a basalt altar of Yredelemnul.
   252 | D        | Found a glowing golden altar of the Shining One.
   252 | D        | Found a snail-covered altar of Cheibriados.
   252 | D        | Found a sacrificial altar of Ru.
   252 | D        | Found a glowing silver altar of Zin.
   252 | D        | Found a shadowy altar of Dithmenos.
   252 | D        | Found a white marble altar of Elyvilon.
   252 | D        | Noticed a yak
   261 | D        | Killed a yak
   262 | D        | Reached skill level 13 in Spellcasting
   264 | D        | Found an opulent altar of Gozag.
   265 | D        | Found a sparkling altar of Nemelex Xobeh.
   269 | D        | Bought a scroll of blinking for 97 gold pieces
   349 | D        | Noticed Sonja
   352 | D        | Killed Sonja
   353 | D        | Reached skill level 15 in Spellcasting
   353 | D        | Reached XP level 7. HP: 36/36 MP: 16/28
   373 | D        | Found Tahady's Magic Scroll Boutique.
   474 | D        | Noticed a deep troll
   486 | D        | Killed a deep troll
   486 | D        | Reached * piety under Vehumet
   486 | D        | Offered knowledge of Magic Dart by Vehumet.
   487 | D        | Reached skill level 17 in Spellcasting
   487 | D        | Reached XP level 8. HP: 41/41 MP: 3/31
   501 | D        | Found Fyleqo's Armour Emporium.
   611 | D        | Noticed a centaur warrior
   611 | D        | Noticed a centaur warrior
   613 | D        | Shot with an arrow by a centaur warrior

Illustrated notes

Levels and vault maps discovered:
D:        dungeon_sprint_1 [red_sonja_temple_1, red_sonja_temple_small_1]

Skill      XL: |  1  2  3  4  5  6  7 |
---------------+----------------------+-----
Spellcasting   | 6 9 11 12 15 17 | 17.3
Earth Magic    | 5 7 10 13 14 | 14.8
Dodging        | |  2.4
Stealth        | |  2.4
Transmutations | |  1.1

Action                     |  1- 3 |  4- 6 |  7- 9 || total
---------------------------+-------+-------+-------++-------
  Melee: Unarmed           |    13 |       |       ||    13
   Cast: Sandblast         |     3 |     1 |     2 ||     6
         Passwall          |     2 |       |       ||     2
         Stone Arrow       |       |    10 |     7 ||    17
         Petrify           |       |     1 |     3 ||     4
  Evoke: Wand              |     2 |     2 |       ||     4
    Use: Potion            |     2 |     2 |       ||     4
         Scroll            |     1 |       |       ||     1
 Armour: Robe              |       |     2 |       ||     2
  Dodge: Dodged            |     4 |     3 |       ||     7
